 Dungeon Crawl Stone Soup version 0.28-a0-906-g0406aca7d3 (webtiles) character file.

Game seed: 13057788410169750317

3510 timneilson the Blocker (level 10, -2/60 HPs)
             Began as a Gargoyle Fighter on Nov 23, 2021.
             Was a Believer of Okawaru.
             Killed from afar by an acid dragon (28 damage)
             ... with a splash of acid
             ... on level 8 of the Dungeon on Nov 24, 2021.
             The game lasted 00:11:12 (7597 turns).

timneilson the Blocker (Gargoyle Fighter)           Turns: 7597, Time: 00:11:12

Health: -2/60      AC: 21    Str: 23    XL:     10   Next: 8%
Magic:  10/11      EV: 19    Int:  9    God:    Okawaru [**....]
Gold:   436        SH:  7    Dex:  9    Spells: 9/9 levels left

rFire   . . .      SeeInvis .   a - +0 long sword (vorpal)
rCold   . . .      Faith    .   c - +0 buckler
rNeg    + . .      Spirit   .   x - +0 chain mail
rPois   ∞          Reflect  .   g - +2 helmet
rElec   +          Harm     .   (no cloak)
rCorr   .          Rampage  .   j - +0 pair of gloves
Will    .....                   (no boots)
Stlth   ..........              w - amulet of the acrobat
HPRegen 0.20/turn               m - +4 ring of evasion
MPRegen 0.12/turn               t - +4 ring of evasion

@: heroic, corroded, studying Shields
A: sickness immunity, AC +7, negative energy resistance 1, electricity
resistance, torment resistance 1, petrification resistance
a: Renounce Religion, Heroism


You were on level 8 of the Dungeon.
You worshipped Okawaru.
Okawaru was pleased with you.
You visited 2 branches of the dungeon, and saw 9 of its levels.

You collected 436 gold pieces.

Inventory:

Hand Weapons
 a - a +0 vorpal long sword (weapon)
Armour
 c - a +0 buckler (worn)
 g - a +2 helmet (worn)
 j - a +0 pair of gloves (worn)
 x - a +0 chain mail (worn)
Jewellery
 m - a +4 ring of evasion (left hand)
 t - a +4 ring of evasion (right hand)
 w - an amulet of the acrobat (around neck)
 z - a ring of positive energy
Wands
 i - a wand of digging (5)
 l - a wand of polymorph (1)
 q - a wand of flame (4)
 v - a wand of acid (21)
Scrolls
 b - a scroll of blinking
 o - a scroll of brand weapon
 y - a scroll of torment {unknown}
Potions
 d - a potion of might
 e - a potion of invisibility {unknown}
 f - a potion of berserk rage {unknown}
 h - a potion of curing
 k - a potion of heal wounds {unknown}
 n - 2 potions of ambrosia {unknown}
 p - a potion of flight {unknown}
 r - a potion of attraction {unknown}
 s - a potion of brilliance {unknown}
 u - a potion of lignification {unknown}


   Skills:
 + Level 6.1(11.1) Fighting
 * Level 6.2(11.2) Long Blades
 * Level 7.9(12.9) Armour
 + Level 3.6(8.6) Dodging
 * Level 8.5(13.5) Shields
 + Level 2.3 Invocations
 + Level 3.8 Evocations


You had 9 spell levels left.
You didn't know any spells.
Your spell library contained the following spells:

 Spells                   Type           Power      Damage    Failure   Level
 Ensorcelled Hibernation  Hex/Ice        0%         N/A       96%         2
 Portal Projectile        Hex/Tloc       0%         N/A       99%         3
 Leda's Liquefaction      Hex/Erth       0%         N/A       100%        4
 Petrify                  Tmut/Erth      0%         N/A       100%        4
 Irradiate                Conj/Tmut      0%         3d13      100%        5
 Sublimation of Blood     Necr           Unusable   N/A       N/A         2
 Call Canine Familiar     Summ           Unusable   N/A       N/A         3
 Tukima's Dance           Hex            Unusable   N/A       N/A         3

Dungeon Overview and Level Annotations

Branches:
Dungeon (8/15)             Temple (1/1) D:7
   Lair: D:8-11

Altars:
Ashenzari
Cheibriados
Elyvilon
Fedhas
Gozag
Hepliaklqana
Kikubaaqudgha
Makhleb
Nemelex Xobeh
Okawaru
Qazlal
Ru
Sif Muna
Trog
Uskayaw
Wu Jian
Xom
Yredelemnul
Zin
The Shining One

Shops:
D:8 [

Annotations:
D:4 2 runed translucent doors
D:6 1 runed translucent door, siradein's ghost, novice MiHu


Innate Abilities, Weirdness & Mutations

You are immune to sickness and miasma.
Your stone body is resilient. (AC +7)
You are immune to poison.
You resist negative energy. (rN+)
You are resistant to electric shocks. (rElec)
You are resistant to unholy torment.
You are immune to petrification.


Message History

The acid dragon spits acid at you. The splash of acid hits you!!
The acid corrodes you!
You hit the acid dragon.
The acid dragon is lightly wounded.
You hit the acid dragon but do no damage.
The acid dragon is lightly wounded.
You block the acid dragon's attack.
The acid dragon claws you but does no damage.
You hit the acid dragon but do no damage.
The acid dragon is lightly wounded.
The acid dragon bites you.
The acid dragon claws you but does no damage.
You hit the acid dragon but do no damage.
The acid dragon is lightly wounded.
The acid dragon spits acid at you. The splash of acid hits you!
Your chain mail prevents you from hitting the acid dragon.
The acid dragon is lightly wounded.
The acid dragon barely misses you. You block the acid dragon's attack.
You hit the acid dragon.
The acid dragon is moderately wounded.
You slash the acid dragon!
The acid dragon is severely wounded.
The acid dragon bites you but does no damage.
The acid dragon misses you.
You hit the acid dragon but do no damage.
The acid dragon is severely wounded.
The acid dragon barely misses you. The acid dragon closely misses you.
You slash the acid dragon!
The acid dragon is almost dead.
You block the acid dragon's attack. The acid dragon completely misses you.
You closely miss the acid dragon.
The acid dragon is almost dead.
The acid dragon closely misses you.
The acid dragon claws you but does no damage.
You hit the acid dragon but do no damage.
The acid dragon is almost dead.
The acid dragon spits acid at you. The splash of acid hits you!!
You die...

#.# ##### ##..#..
###....## #......
#.......# #.....#
#.......#
#.....#####....D(..
#.......##.........
#.....#.##D........
##.....#@#.#.#.#....
#........D..........
#.....##<#.#.#.#....
#....##.............
##....###.#.#.#.#....
#..................##
#.......#.#.#.#.####
# ##..))............#
#.# #....)...#.#.#
#.##


You could see an acid dragon (catching breath).

Vanquished Creatures
  Joseph (D:8)
  Maggie (D:8)
  Sigmund (D:4)
  2 water moccasins (D:7)
  3 sky beasts
  2 black bears
  A necrophage (D:4)
  6 ogres
  3 centaurs
  A kobold brigand (D:7)
  Blork the orc (D:5)
  A bullfrog (D:7)
  5 scorpions
  A water moccasin zombie (D:6)
  4 wights
  2 howler monkeys (D:7)
  A centaur zombie (D:8)
  A bullfrog zombie (D:7)
  3 hounds
  2 jellies
  4 iguanas
  Ijyb (D:3)
  4 adders
  A shadow imp (D:5)
  2 white imps
  6 worms
  4 dart slugs
  7 orcs
  6 ball pythons
  8 endoplasms
  3 giant cockroaches
  7 hobgoblins
  3 jackals (D:4)
  12 kobolds
  A quokka (D:5)
  6 bats
  2 frilled lizards
  6 goblins
  6 rats
131 creatures vanquished.

Vanquished Creatures (others)
  2 plants (D:7)
2 creatures vanquished.

Grand Total: 133 creatures vanquished

Notes
Turn   | Place    | Note
-------+----------+-------------------------------------------
     0 | D:1      | timneilson the Gargoyle Fighter began the quest for the
                  | Orb.
     0 | D:1      | Reached XP level 1. HP: 14/14 MP: 1/1
    10 | D:1      | Noticed an electric eel
   325 | D:1      | Reached XP level 2. HP: 19/19 MP: 2/2
  1295 | D:2      | Reached XP level 3. HP: 22/23 MP: 3/3
  1876 | D:3      | Reached XP level 4. HP: 28/28 MP: 4/4
  1880 | D:3      | Noticed an ogre
  1888 | D:3      | Killed an ogre
  1889 | D:3      | Reached skill level 1 in Dodging
  1889 | D:3      | Reached skill level 4 in Shields
  1889 | D:3      | Reached XP level 5. HP: 18/33 MP: 5/5
  2144 | D:3      | Noticed Ijyb
  2181 | D:3      | Killed Ijyb
  2532 | D:3      | Found a faded altar of an unknown god.
  2655 | D:4      | Noticed a necrophage
  2673 | D:4      | Killed a necrophage
  2674 | D:4      | Reached skill level 1 in Evocations
  2674 | D:4      | Reached XP level 6. HP: 32/38 MP: 6/6
  2802 | D:4      | Found a large runed translucent door.
  2803 | D:4      | Found a large runed translucent door.
  2841 | D:4      | Reached skill level 5 in Armour
  3049 | D:4      | Reached XP level 7. HP: 22/43 MP: 7/7
  3325 | D:4      | Noticed Sigmund
  3346 | D:4      | Killed Sigmund
  3347 | D:4      | Reached skill level 5 in Shields
  3355 | D:4      | Identified the +7 short sword "Xewkumet" {protect, rElec
                  | Str+3}
  3994 | D:5      | Entered Level 5 of the Dungeon
  4076 | D:5      | Reached XP level 8. HP: 47/48 MP: 8/8
  4150 | D:5      | Noticed Blork the orc
  4160 | D:5      | Killed Blork the orc
  4554 | D:5      | Reached skill level 5 in Fighting
  4554 | D:5      | Reached skill level 6 in Shields
  4957 | D:6      | Found a runed translucent door.
  4962 | D:6      | Noticed siradein's ghost (novice MiHu)
  4981 | D:6      | Identified the +6 flail "Xamp" {vamp, Int+7}
  5617 | D:7      | Reached skill level 5 in Long Blades
  5617 | D:7      | Reached XP level 9. HP: 52/54 MP: 9/9
  5627 | D:7      | Found a staircase to the Ecumenical Temple.
  5632 | Temple   | Entered the Ecumenical Temple
  5955 | Temple   | Became a worshipper of Warmaster Okawaru
  6287 | D:7      | Reached skill level 7 in Shields
  6407 | D:7      | Reached skill level 1 in Invocations
  6913 | D:7      | Identified a scroll of acquirement
  6913 | D:7      | Acquired a manual of Shields
  6924 | D:8      | Found Geps's Antique Armour Emporium.
  6943 | D:7      | Reached * piety under Okawaru
  7083 | D:8      | Noticed Maggie
  7096 | D:8      | Killed Maggie
  7342 | D:8      | Reached ** piety under Okawaru
  7343 | D:8      | Reached skill level 8 in Shields
  7343 | D:8      | Noticed Joseph
  7357 | D:8      | Killed Joseph
  7358 | D:8      | Reached XP level 10. HP: 50/60 MP: 8/11
  7597 | D:8      | Killed from afar by an acid dragon

Illustrated notes

Levels and vault maps discovered:
D:1:      arrival_aquarium_a, layout_basic, minmay_stone_trees_small,
          chequers_serial_rivers_room_b
D:2:      layout_basic
D:3:      layout_rooms, hellmonk_ecumenical_altar_blasted, uniq_ijyb
D:4:      layout_loops_ring, jmf_multi_god_temple2, uniq_sigmund
D:5:      layout_basic, serial_glass, glass_columns_a, glass_columns_b,
          uniq_blork_the_orc
D:6:      layout_rooms, ebering_ghost_sewer_d
D:7:      layout_basic, minmay_temple_entry_gardened_gates
D:8:      layout_cave_pods, serial_shops, shop, st_stairs_9, uniq_erica,
          uniq_maggie, uniq_joseph
Temple:   mainiacjoe_temple_cubbyholes

Skill      XL: |  1  2  3  4  5  6  7  8  9 |
---------------+----------------------------+-----
Long Blades    | 2 3 4 5 6 |  6.2
Armour         | 4 5 6 7 |  7.9
Dodging        | 1 2 3 |  3.6
Shields        | 4 5 6 8 |  8.5
Fighting       | 4 5 6 |  6.1
Evocations     | 1 2 3 |  3.8
Invocations    | 2 |  2.3

Action                   |  1- 3 |  4- 6 |  7- 9 | 10-12 || total
-------------------------+-------+-------+-------+-------++-------
Melee: Long sword        |   121 |   116 |   354 |    24 ||   615
Invok: Heroism           |       |       |     1 |     1 ||     2
  Use: Scroll            |     3 |       |     5 |       ||     8
       Potion            |       |       |     2 |       ||     2
Armor: Scale mail        |    56 |    40 |    62 |       ||   158
       Chain mail        |       |       |   143 |    17 ||   160
Dodge: Dodged            |    60 |    65 |   243 |    19 ||   387
Block: Buckler           |    27 |    24 |    92 |    10 ||   153

Table legend: (Time is in decaauts)
 A = Elapsed time spent in this place.
 B = Non-inter-level travel time spent in this place.
 C = Inter-level travel time spent in this place.
 D = Time resting spent in this place.
 E = Time spent auto-exploring this place.
 F = Levels seen in this place.
 G = Mean time per level.
                   A        B        C        D        E       F      G
               +--------+--------+--------+--------+--------+-----+--------+
         Total |   7720 |   7479 |    241 |    196 |   5793 |   9 |  857.8 |
       Dungeon |   7366 |   7187 |    179 |    196 |   5504 |   8 |  920.8 |
        Temple |    353 |    291 |     62 |      0 |    289 |   1 |  353.0 |
               +--------+--------+--------+--------+--------+-----+--------+

Top non-repeatable levels by time:
     D:7: 1388 daAuts
     D:4: 1363 daAuts
     D:1: 1196 daAuts
     D:5: 853 daAuts
     D:3: 818 daAuts
     D:2: 697 daAuts
     D:6: 631 daAuts
     D:8: 417 daAuts
  Temple: 353 daAuts
